AoeStats
← Dr. F

Arena

506550152Analyzed
2v2 RM · 18d ago on Sep 14, 2026· 18m 52s· 4 players
Game mode
Random Map
Map size
Medium (4 player)
Population
200
Speed
Normal
Resources
Standard
Victory
Conquest
Starting age
Dark Age
Ending age
Imperial Age
RankedLock teamsTeams togetherTeam positionsShared explorationLock speedFull tech treeHidden civsTurbo modeCheats
Victory
Defeat
🇺🇸 Vikings · United States
557
+16
🇨🇱 Huns · Chile
555
+16
🇺🇸 Turks · United States
565
-16
🇺🇸 Sicilians · United States
549
-16
janyo3555
16:57 Feudal Age
18:37 Wheelbarrow
Dr. F
2:39 Loom
5:24 Loom
5:34 Loom
10:49 Feudal Age
17:35 Castle Age
16:58 Horse Collar
19:04 Scale Mail Armor
19:15 Forging
johnrodhouse
13:02 Feudal Age
11:21 Loom
13:07 Feudal Age
joshua63775
12:19 Feudal Age
10:34 Loom
17:29 Castle Age
Connection lost

Rejoining the realm…

Still unreachable

The connection could not be restored.

Session expired

The server has moved on; the page needs a fresh start.